 Dungeon Crawl Stone Soup version 0.30-a0-354-g6b83867211 (webtiles) character file.

Game seed: 1016087543930991019

149 zishaf the Magician (level 5, -3/40 HPs)
             Began as a Djinni Venom Mage on Nov 7, 2022.
             Slain by a mummy (12 damage)
             ... in an ossuary.
             The game lasted 00:05:35 (3167 turns).

zishaf the Magician (Djinni Venom Mage)             Turns: 3167, Time: 00:05:36

Health: -3/40      AC:  7    Str:  7    XL:     5   Next: 56%
Gold:   201        EV: 12    Int: 18    God:
                   SH:  0    Dex: 14

rFire   + + .      SeeInvis .    f - +0 dagger (drain)
rCold   x . .      Faith    .    (no shield)
rNeg    . . .      Spirit   .    a - +0 robe
rPois   ∞          Reflect  .    q - +0 helmet
rElec   .          Harm     .    e - +2 cloak
rCorr   .          Rampage  .    b - +0 pair of gloves
Will    .....                    (boots unavailable)
Stlth   +++.......               (no amulet)
HPRegen 0.26/turn                o - ring "Hionen" {rPois Stlth+}
MPRegen 0.00/turn                (no ring)

@: wereblooded, flying
A: sickness immunity, fire resistance 2, cold vulnerability 1, float, innate
caster, HP casting, extra vitality 1
a: no special abilities


You were in an ossuary.
You visited 1 branch of the dungeon, and saw 4 of its levels.
You also visited: Ossuary.

You collected 201 gold pieces.

Inventory:

Hand Weapons
 f - a +0 dagger of draining (weapon)
 r - a +1 spear of venom
Armour
 a - a +0 robe (worn)
 b - a +0 pair of gloves (worn)
 e - a +2 cloak (worn)
 q - a +0 helmet (worn)
Magical Staves
 p - a staff of fire
Jewellery
 o - the ring "Hionen" (left hand) {rPois Stlth+}
   (You found it on level 2 of the Dungeon)

   [ring of poison resistance]

   rPois:     It protects you from poison.
   Stlth:     It makes you more stealthy.
Scrolls
 c - a scroll of identify
 h - a scroll of poison
Potions
 g - 3 potions of haste
 i - 3 potions of curing


   Skills:
 + Level 3.2 Fighting
 - Level 2.1 Dodging
 - Level 1.5 Stealth
 + Level 3.6 Spellcasting


You couldn't memorise any spells.
You knew the following spells:

 Your Spells              Type           Power      Damage    Failure   Level
a - Sting                 Tmut/Pois      64%        1d6       3%          1
b - Poisonous Vapours     Pois/Air       32%        N/A       5%          2
c - Sandblast             Erth           32%        2d9       3%          1
z - Mephitic Cloud        Conj/Pois/Air  16%        N/A       11%         3
A - Olgreb's Toxic Radia  Pois           16%        N/A       34%         4
E - Wereblood             Tmut           16%        N/A       5%          2
Your spell library was empty.

Dungeon Overview and Level Annotations

Branches:
Dungeon (4/15)            Ossuary (1/1)
 Temple: D:4-7

Altars:
Ru
Zin


Innate Abilities, Weirdness & Mutations

You are immune to sickness and miasma.
You are immune to poison.
Your flesh is very heat resistant. (rF++)
You are vulnerable to cold. (rC-)
You float through the air rather than walking.
You learn spells naturally, not from books.
Your magical power is your life essence.
You have superior vitality. (+4 MHP)


Message History

The mummy misses you.
You hit the mummy.
The mummy is lightly damaged.
The mummy hits you but does no damage.
The hobgoblin zombie hits you but does no damage.
You hit the mummy.
The mummy is moderately damaged.
You howl as the wereblood boils in your veins!
You hit the mummy but do no damage.
The mummy is moderately damaged.
The hobgoblin zombie barely misses you. The mummy hits you!
* * * LOW HITPOINT WARNING * * *
You hit the mummy.
The mummy is heavily damaged.
The hobgoblin zombie completely misses you.
You hit the mummy but do no damage.
The mummy is heavily damaged.
The mummy barely misses you. The hobgoblin zombie barely misses you.
Casting: Sandblast (safe; 3% risk of failure)
Confirm with . or Enter, or press ? or * to list all spells.
Aiming: Sandblast (safe; 3% risk of failure)
Press: ? - help, Shift-Dir - straight line, f - hobgoblin zombie
Aim: a hobgoblin zombie (94% to hit)
The blast of sand hits the hobgoblin zombie!
You feel a bit better.
You destroy the hobgoblin zombie!
* * * LOW HITPOINT WARNING * * *
The mummy barely misses you.
You barely miss the mummy.
The mummy is heavily damaged.
The kobold zombie barely misses you.
You hit the mummy.
The mummy is heavily damaged.
The mummy hits you.
* * * LOW HITPOINT WARNING * * *
The kobold zombie hits you but does no damage.
You closely miss the mummy.
The mummy is heavily damaged.
The mummy hits you!
You die...

###################
.........ZM∩.......
........ZZZ@.......
.........#####.....
...................
.......Z..Z........
.##...Z.Z.........
.##......Z........
...................
...................
#..................


You could see a mummy, 2 kobold zombies, an orc zombie and a human zombie.

Vanquished Creatures
  An iguana (D:3)
  4 adders
  An adder zombie (Ossuary)
  A dart slug (D:1)
  5 orcs (D:3)
  7 endoplasms
  2 giant cockroaches
  2 gnoll zombies (Ossuary)
  8 goblins
  3 hobgoblins (D:1)
  6 jackals
  2 quokkas
  8 ball pythons
  4 bats
  2 frilled lizards (D:1)
  A hobgoblin zombie (Ossuary)
  A jackal zombie (Ossuary)
  10 kobolds
  A kobold zombie (Ossuary)
  An orc zombie (Ossuary)
  7 rats
77 creatures vanquished.

Vanquished Creatures (others)
  3 toadstools (D:3)
3 creatures vanquished.

Grand Total: 80 creatures vanquished

Notes
Turn   | Place    | Note
-------+----------+-------------------------------------------
     0 | D:1      | zishaf the Djinni Venom Mage began the quest for the Orb.
     0 | D:1      | zishaf set off with the following spells memorised: Sting,
                  | Poisonous Vapours, Mephitic Cloud, Olgreb's Toxic Radiance.
     0 | D:1      | Reached XP level 1. HP: 15/15 MP: 0/0
   226 | D:1      | Reached XP level 2. HP: 20/22 MP: 0/0
   248 | D:1      | Reached skill level 1 in Fighting
   564 | D:1      | Reached XP level 3. HP: 24/27 MP: 0/0
   564 | D:1      | Learned a level 1 spell: Sandblast
  1341 | D:2      | Found a sacrificial altar of Ru.
  1653 | D:2      | Reached XP level 4. HP: 30/33 MP: 0/0
  2199 | D:2      | Identified the ring "Hionen" {rPois Stlth+}
  2382 | D:3      | Found a glowing silver altar of Zin.
  2397 | D:3      | Reached XP level 5. HP: 34/40 MP: 0/0
  2397 | D:3      | Learned a level 2 spell: Wereblood
  2971 | D:3      | Found a faded altar of an unknown god.
  3115 | D:4      | Found a sand-covered staircase.
  3128 | Ossuary  | Entered an ossuary
  3167 | Ossuary  | Slain by a mummy

Illustrated notes

Levels and vault maps discovered:
D:1:      roderic_crop_circles_arrival_small, layout_loops_corners
D:2:      layout_basic, basic_altar, minmay_goblin_kobold_house
D:3:      layout_basic, lemuel_crystal_altar, dreamdust_ecumenical_altar_grove,
          hangedman_decor_clover_reticule, minmay_stone_trees_medium,
          solitary_fountain, minivault_19, minmay_gold_behind_fungi
D:4:      layout_cave_pools, mainiacjoe_overflow_24_doors, enter_ossuary_5
Ossuary:  ossuary_minmay_tomb_2a

Skill      XL: |  1  2  3  4  5 |
---------------+----------------+-----
Fighting       | 1 2 3 |  3.2
Spellcasting   | 3 |  3.6
Dodging        | |  2.1
Stealth        | |  1.5

Action                   |  1- 3 |  4- 6 || total
-------------------------+-------+-------++-------
Melee: Dagger            |    36 |    93 ||   129
       Punch             |       |     3 ||     3
 Cast: Sting             |    49 |     8 ||    57
       Olgreb's Toxic Ra |       |     2 ||     2
       Sandblast         |       |     9 ||     9
       Poisonous Vapours |       |     6 ||     6
       Wereblood         |       |     3 ||     3
  Use: Scroll            |       |     9 ||     9
 Stab: Sleeping          |     3 |     1 ||     4
Armor: Robe              |    17 |    50 ||    67
Dodge: Dodged            |    34 |   101 ||   135

Table legend: (Time is in decaauts)
 A = Elapsed time spent in this place.
 B = Non-inter-level travel time spent in this place.
 C = Inter-level travel time spent in this place.
 D = Time resting spent in this place.
 E = Time spent auto-exploring this place.
 F = Levels seen in this place.
 G = Mean time per level.
                   A        B        C        D        E       F      G
               +--------+--------+--------+--------+--------+-----+--------+
         Total |   3169 |   2998 |    171 |    170 |   2285 |   5 |  633.8 |
       Dungeon |   3126 |   2955 |    171 |    170 |   2285 |   4 |  781.5 |
       Ossuary |     43 |     43 |      0 |      0 |      0 |   1 |   43.0 |
               +--------+--------+--------+--------+--------+-----+--------+

Top non-repeatable levels by time:
     D:1: 1321 daAuts
     D:2: 985 daAuts
     D:3: 738 daAuts
     D:4: 81 daAuts
 Ossuary: 43 daAuts
